 Dungeon Crawl Stone Soup version 0.19-a0-1019-g9c6a58d (webtiles) character file.

159660 HAL9000 the Bludgeoner (level 17, -9/184 HPs)
             Began as an Ogre Berserker on July 25, 2016.
             Was a High Priest of Trog.
             Mangled by a salamander
             ... wielding a +0 halberd
              (15 damage)
             ... on level 4 of the Snake Pit.
             The game lasted 01:33:45 (38324 turns).

HAL9000 the Bludgeoner (Ogre Berserker)            Turns: 38324, Time: 01:33:46

Health: -9/184     AC: 32    Str: 27    XL:     17   Next: 74%
Magic:  31/31      EV: 13    Int: 11    God:    Trog [*****.]
Gold:   2661       SH: 18    Dex: 17    Spells: 0 memorised, 16 levels left

rFire  . . .     SeeInvis .     x - +4 eveningstar (holy) {god gift}
rCold  . . .     Gourm    .     k - +8 shadow dragon armour
rNeg   . . .     Faith    .     m - +1 shield
rPois  +         Spirit   .     J - +3 hat of Pondering {ponderous, MR+ MP+10 Int+5}
rElec  .         Dismiss  .     Z - +2 cloak of Eheow {rPois}
rCorr  .         Reflect  +     (gloves unavailable)
SustAt .         Harm     .     (boots unavailable)
MR     ++++.                    U - +4 amulet of reflection
Stlth  +++.......               I - +4 ring of dexterity
                                z - +2 ring of protection

@: lethally poisoned (-9 -> -9), regenerating, drained, slow, incredibly
resistant to hostile enchantments, fairly stealthy
A: unfitting armour, tough skin 1
a: Berserk, Trog's Hand, Brothers in Arms, Burn Spellbooks, Renounce Religion


You were on level 4 of the Snake Pit.
You worshipped Trog.
Trog was extremely pleased with you.
You were hungry.

You visited 4 branches of the dungeon, and saw 27 of its levels.

You collected 3188 gold pieces.
You spent 527 gold pieces at shops.

Inventory:

Hand Weapons
 x - a +4 eveningstar of holy wrath (weapon) {god gift}
Missiles
 u - 32 large rocks (quivered)
 N - 9 javelins
 T - 13 steel tomahawks {god gift}
 V - 8 tomahawks of returning
Armour
 k - a +8 shadow dragon armour (worn)
 m - a +1 shield (worn)
 J - the +3 hat of Pondering (worn) {ponderous, MR+ MP+10 Int+5}
   (You took it off Gastronok on level 3 of the Lair of Beasts)

   It affects your intelligence (+5).
   It affects your resistance to hostile enchantments.
   It affects your magic capacity (+10).
 Z - the +2 cloak of Eheow (worn) {rPois}
   (You acquired it on level 9 of the Dungeon)

   It protects you from poison.
Jewellery
 y - an uncursed ring of fire
 z - a +2 ring of protection (left hand)
 B - an uncursed ring of flight
 I - a +4 ring of dexterity (right hand)
 U - a +4 amulet of reflection (around neck)
Wands
 a - a wand of enslavement (18/24)
 b - a wand of random effects (31/48)
 g - a wand of acid (7/15)
 q - a wand of hasting (6/9)
 s - a wand of lightning (5/15)
 A - a wand of slowing (13/48)
 C - a wand of teleportation (5/9)
 G - a wand of polymorph (17/24)
 K - a wand of iceblast (6/15)
 Q - a wand of iceblast (15/15)
 Y - a wand of digging (13/24)
Scrolls
 f - a scroll of holy word
 h - 7 scrolls of magic mapping
 i - 18 scrolls of remove curse
 o - a scroll of fear
 p - 2 scrolls of silence
 r - 11 scrolls of teleportation
 H - 2 scrolls of fog
 R - 8 scrolls of identify
 W - a scroll of summoning
Potions
 d - 10 potions of curing
 j - 3 potions of brilliance
 t - 4 potions of berserk rage
 v - 5 potions of haste
 D - 3 potions of agility
 M - 4 potions of heal wounds
 O - a potion of invisibility
 P - 2 potions of ambrosia
 S - 3 potions of cancellation
Books
 e - a book of Misfortune

   Spells                             Type                      Level
   a - Confusing Touch                Hexes                        1
   b - Confuse                        Hexes                        3
   c - Gell's Gravitas                Hexes/Translocation          3
   d - Petrify                        Transmutation/Earth          4
   e - Metabolic Englaciation         Hexes/Ice                    5
   f - Yara's Violent Unravelling     Hexes/Transmutation          5
   Trog disapproves of the use of such an item.
 X - Roxanne's Incunabulum of Moulding
   (You took it off Roxanne on level 1 of the Snake Pit)

   Spells                             Type                      Level
   a - Beastly Appendage              Transmutation                1
   b - Sticks to Snakes               Transmutation                2
   c - Spider Form                    Transmutation/Poison         3
   d - Alistair's Intoxication        Transmutation/Poison         5
   e - Statue Form                    Transmutation/Earth          6
   Trog disapproves of the use of such an item.
Miscellaneous
 l - a fan of gales
Comestibles
 c - 20 bread rations
 n - a slice of pizza
 w - 5 beef jerkies
 L - 3 meat rations


   Skills:
 + Level 15.2(14.7) Fighting
 + Level 17.9(17.4) Maces & Flails
 + Level 9.3(8.8) Throwing
 + Level 12.4(11.9) Armour
 - Level 10.6(10.2) Dodging
 - Level 13.0(12.5) Shields
 + Level 5.8(5.5) Evocations


You had 16 spell levels left.
You didn't know any spells.

Dungeon Overview and Level Annotations

Branches:
Dungeon (15/15)            Temple (0/1) D:7            Lair (6/6) D:10
 Shoals (0/4) Lair:4        Snake (4/4) Lair:3        Slime (0/5) Lair:5
    Orc (2/2) D:9             Elf (0/3) Orc:2        Vaults (0/5) D:14
 Depths (0/5) D:15

Altars:
Dithmenos
Elyvilon
Fedhas
Gozag
Kikubaaqudgha
Nemelex Xobeh
Ru
Trog
Uskayaw
Vehumet
Zin
The Shining One

Shops:
D:4 ?   D:11 [   Orc:2 :!%[

Annotations:
Snake:4 Nikola


Innate Abilities, Weirdness & Mutations

You are too large for most types of armour.
You have tough skin. (AC +1)


Message History

* * * LOW HITPOINT WARNING * * *
The naga warrior constricts you.
Unknown command.
Okay, then.
You feel much better.
You feel less exhausted.
You feel sick. The black mamba closely misses you.
The black mamba barely misses you.
Your troll bites the naga warrior.
Your troll claws the naga warrior! x2
The naga warrior dies!
Trog accepts your kill. Something appears at your feet! Trog grants you a gift!
The black mamba bites you!
* * * LOW HITPOINT WARNING * * *
You block the black mamba's attack.
The salamander hits you from afar with a halberd!
* * * LOW HITPOINT WARNING * * *
You are engulfed in flames!
You die...

....[.....................#
#......†..................#
#........(................#
#.........................+
#.........................#
#.........................#
#..............).N........+
#..............TS.........#####
#..............@)N.........)..##
#..##....#.####.S...##..######..
##.##### #..######### #..# ##
#.## #.## ## ##


You could see a salamander, 2 black mambas, a naga and a friendly troll
(berserk).

Vanquished Creatures
  Jorgrun (Snake:4)
  Gastronok (Lair:3)
  Kirke (D:13)
  Donald (Snake:3)
  6 greater nagas
  Roxanne (Snake:1)
  Aizul (Snake:2)
  3 dire elephants (Lair:6)
  15 naga warriors
  9 hydras
  A vault guard (D:14)
  2 ice dragons (D:13)
  Erica (D:8)
  6 centaur warriors
  6 anacondas
  2 tengu warriors
  3 orc high priests (Orc:2)
  7 naga sharpshooters
  Sonja (Lair:1)
  5 shock serpents
  Nergalle (D:10)
  3 skeletal warriors (D:13)
  A salamander mystic (Snake:3)
  A fire crab (Lair:6)
  A giant orange brain (D:15)
  3 unseen horrors
  4 wizards
  The ghost of B1inky the Nimble, a novice OpGl of Makhleb (D:7)
  3 naga ritualists
  6 orc knights
  2 wolf spider zombies (D:14)
  3 harpies (D:14)
  5 hill giants
  A salamander (shapeshifter) (D:15)
  4 orc sorcerers (Orc:2)
  7 salamanders
  8 mana vipers
  14 ugly things
  2 manticores
  8 elephants
  Maurice (D:13)
  5 centaur zombies
  4 griffons
  4 cyclopes
  A guardian serpent (shapeshifter) (D:15)
  6 naga magi
  26 black mambas
  2 sirens (Lair:4)
  6 guardian serpents
  4 ice statues (D:13)
  5 gargoyles
  An octopode (shapeshifter) (D:14)
  9 spiny frogs
  A rime drake (Lair:6)
  7 komodo dragons
  A freezing wraith (D:15)
  2 polar bears
  A queen bee (shapeshifter) (D:15)
  9 trolls
  A merfolk (Lair:4)
  3 meliai (D:15)
  2 two-headed ogres
  2 boulder beetles
  A harpy skeleton (D:14)
  10 slime creatures
  4 blink frogs (Lair:6)
  2 centaur simulacra (D:14)
  A shadow (D:15)
  33 yaks
  A wraith (D:13)
  2 wyverns
  6 hogs
  4 basilisks
  A human (D:7)
  A human (shapeshifter) (D:15)
  2 steam dragons
  3 hungry ghosts
  A vampire mosquito (D:14)
  11 hippogriffs
  2 mottled dragons
  3 wargs
  26 nagas
  A soldier ant (D:12)
  The ghost of Gagarin the Gusty, an amateur TeAE (D:4)
  17 water moccasins
  17 ice beasts
  6 porcupines
  4 sky beasts
  A swamp drake (D:9)
  25 orc warriors
  2 necrophages
  3 phantoms
  An eye of draining (D:13)
  13 wolves
  13 ogres
  10 centaurs
  12 crocodiles
  4 big kobolds
  18 giant frogs
  2 scorpions
  A wyvern skeleton (D:9)
  17 killer bees
  12 wights
  2 howler monkeys
  4 jellies
  4 electric eels
  7 crimson imps
  3 quasits
  21 orc priests
  Crazy Yiuf (D:3)
  A gnoll shaman (D:4)
  8 hounds
  38 orc wizards
  8 iguanas
  5 centaur skeletons
  17 worker ants
  11 sheep
  A hound zombie (D:11)
  Robin (D:2)
  9 gnolls
  13 adders
  42 river rats
  4 shadow imps
  2 oozes
  8 giant geckos
  95 orcs
  6 bats
  5 giant cockroaches
  19 goblins
  15 hobgoblins
  4 jackals (D:9)
  12 kobolds
  6 quokkas
  A ball python (D:1)
  4 giant newts
  A jackal zombie (D:7)
  10 rats
  4 plants
940 creatures vanquished.

Vanquished Creatures (collateral kills)
  Rupert (Lair:6)
  2 naga warriors
  A mana viper (Snake:3)
  A black mamba (Snake:4)
  2 guardian serpents
  A spiny frog (Lair:6)
  9 nagas
17 creatures vanquished.

Vanquished Creatures (others)
  A naga sharpshooter (Snake:1)
  A cyclops (D:14)
  A slime creature (Lair:5)
  3 humans
  A centaur (D:13)
  A quasit (D:12)
  An orc wizard (D:15)
  A kobold (D:13)
  9 fungi
  8 plants
27 creatures vanquished.

Grand Total: 984 creatures vanquished

Notes
Turn   | Place    | Note
-------+----------+-------------------------------------------
     0 | D:1      | HAL9000 the Ogre Berserker began the quest for the Orb.
     0 | D:1      | Reached XP level 1. HP: 24/24 MP: 1/1
   133 | D:1      | Reached XP level 2. HP: 30/32 MP: 2/2
   438 | D:1      | Reached skill level 5 in Maces & Flails
   478 | D:1      | Reached XP level 3. HP: 20/39 MP: 3/3
  1091 | D:2      | Reached ** piety under Trog
  1209 | D:2      | Found a sparkling altar of Nemelex Xobeh.
  1209 | D:2      | Found a blossoming altar of Fedhas.
  1240 | D:2      | Found a faded altar of an unknown god.
  1665 | D:2      | Found a sacrificial altar of Ru.
  1673 | D:2      | Reached XP level 4. HP: 22/49 MP: 4/4
  1698 | D:2      | Reached skill level 6 in Maces & Flails
  2344 | D:3      | Noticed Robin
  2347 | D:3      | Reached skill level 5 in Fighting
  2848 | D:2      | Killed Robin
  3145 | D:3      | Reached XP level 5. HP: 56/57 MP: 5/5
  3233 | D:3      | Reached *** piety under Trog
  3703 | D:3      | Found a runed door.
  3962 | D:3      | Reached skill level 7 in Maces & Flails
  3975 | D:3      | Noticed an orc warrior
  3984 | D:3      | Killed an orc warrior
  3984 | D:3      | Reached XP level 6. HP: 26/67 MP: 6/6
  4312 | D:3      | Noticed Crazy Yiuf
  4318 | D:3      | Killed Crazy Yiuf
  4318 | D:3      | Reached skill level 8 in Maces & Flails
  4528 | D:4      | Noticed a phantom
  4538 | D:4      | Killed a phantom
  4560 | D:4      | Reached XP level 7. HP: 68/76 MP: 7/7
  4798 | D:4      | Noticed Gagarin's ghost (amateur TeAE)
  4809 | D:4      | Killed Gagarin's ghost
  4809 | D:4      | Reached skill level 9 in Maces & Flails
  4856 | D:4      | Found a bloodstained altar of Trog.
  4859 | D:4      | Found Istral's Magic Scroll Emporium.
  4922 | D:4      | Bought a scroll of teleportation for 36 gold pieces
  4922 | D:4      | Bought a scroll of teleportation for 36 gold pieces
  5263 | D:4      | Reached skill level 10 in Maces & Flails
  5439 | D:4      | Found an ancient bone altar of Kikubaaqudgha.
  5442 | D:4      | Found a hide-covered altar of Uskayaw.
  5445 | D:4      | Found a shadowy altar of Dithmenos.
  5719 | D:5      | Entered Level 5 of the Dungeon
  5760 | D:5      | Found a radiant altar of Vehumet.
  5779 | D:5      | Reached XP level 8. HP: 71/87 MP: 8/8
  5937 | D:5      | Found an ancient bone altar of Kikubaaqudgha.
  6324 | D:5      | Reached skill level 11 in Maces & Flails
  6547 | D:5      | Reached **** piety under Trog
  6612 | D:5      | Found a white marble altar of Elyvilon.
  6614 | D:5      | Found a glowing golden altar of the Shining One.
  6615 | D:5      | Found a glowing silver altar of Zin.
  7149 | D:6      | Reached skill level 12 in Maces & Flails
  7300 | D:6      | Reached XP level 9. HP: 85/98 MP: 9/9
  8238 | D:7      | Reached skill level 13 in Maces & Flails
  8476 | D:7      | Found a staircase to the Ecumenical Temple.
  8501 | D:7      | Reached skill level 10 in Fighting
  9082 | D:7      | Noticed B1inky's ghost (novice OpGl)
  9119 | D:7      | Killed B1inky's ghost
  9119 | D:7      | Reached skill level 14 in Maces & Flails
  9320 | D:7      | Reached skill level 1 in Shields
  9320 | D:7      | Reached XP level 10. HP: 78/111 MP: 10/10
  9340 | D:7      | Reached ***** piety under Trog
 10832 | D:8      | Noticed Erica
 10843 | D:8      | Killed Erica
 10843 | D:8      | Reached skill level 5 in Shields
 11159 | D:8      | You fall through a shaft for 3 floors!
 11174 | D:11     | Reached skill level 5 in Dodging
 11637 | D:11     | Reached XP level 11. HP: 119/119 MP: 11/11
 11966 | D:11     | Noticed a hill giant
 11977 | D:11     | Killed a hill giant
 12116 | D:11     | Found Vainymam's Antique Armour Emporium.
 12339 | D:12     | Noticed a hill giant
 12351 | D:12     | Killed a hill giant
 12408 | D:10     | Entered Level 10 of the Dungeon
 12787 | D:10     | Found a staircase to the Lair.
 13090 | D:10     | Noticed Nergalle
 13097 | D:10     | Killed Nergalle
 13914 | D:9      | Received a gift from Trog
 13988 | D:9      | Found a staircase to the Orcish Mines.
 14248 | D:9      | Identified a scroll of acquirement
 14250 | D:9      | Got a bloodstained cloak
 14261 | D:9      | Identified the +2 cloak of Eheow {rPois} (You acquired it on level 9 of the Dungeon)
 15127 | Lair:1   | Entered Level 1 of the Lair of Beasts
 15442 | Lair:1   | Received a gift from Trog
 15565 | Lair:1   | Noticed Sonja
 16535 | Lair:1   | Reached skill level 10 in Shields
 17021 | Lair:1   | Reached XP level 12. HP: 125/128 MP: 12/12
 17139 | Lair:1   | Killed Sonja
 17957 | Lair:2   | Noticed a six-headed hydra
 17972 | Lair:2   | Killed a six-headed hydra
 19136 | Lair:3   | Noticed Gastronok
 19438 | Lair:3   | Killed Gastronok
 19497 | Lair:3   | Received a gift from Trog
 19726 | Lair:3   | Found a staircase to the Snake Pit.
 20468 | Lair:4   | Reached XP level 13. HP: 131/136 MP: 13/13
 21267 | Lair:4   | Found a staircase to the Shoals.
 21835 | Lair:5   | Reached skill level 1 in Throwing
 21849 | Lair:5   | Found a staircase to the Slime Pits.
 21954 | Lair:5   | Reached skill level 1 in Evocations
 22370 | Lair:5   | Reached skill level 10 in Dodging
 23454 | Lair:6   | Entered Level 6 of the Lair of Beasts
 23466 | Lair:6   | Found a bloodstained altar of Trog.
 23884 | Lair:6   | Noticed Rupert
 24700 | Lair:6   | Received a gift from Trog
 24801 | Lair:6   | Paralysed by Rupert for 7 turns
 24815 | Lair:6   | Killed Rupert
 24815 | Lair:6   | Reached skill level 15 in Maces & Flails
 24953 | Lair:6   | Reached XP level 14. HP: 145/148 MP: 16/16
 25712 | Lair:6   | Noticed a dire elephant
 25722 | Lair:6   | Killed a dire elephant
 25838 | Lair:6   | Noticed a dire elephant
 25838 | Lair:6   | Noticed a dire elephant
 25849 | Lair:6   | Killed a dire elephant
 25857 | Lair:6   | Killed a dire elephant
 26336 | Orc:1    | Entered Level 1 of the Orcish Mines
 26362 | Orc:1    | Reached skill level 1 in Armour
 26865 | Orc:2    | Entered Level 2 of the Orcish Mines
 26962 | Orc:2    | Found a staircase to the Elven Halls.
 27026 | Orc:2    | Received a gift from Trog
 27366 | Orc:2    | Reached ****** piety under Trog
 27430 | Orc:2    | Found Wouges's Book Boutique.
 27434 | Orc:2    | Received a gift from Trog
 27541 | Orc:2    | Received a gift from Trog
 27602 | Orc:2    | Reached skill level 5 in Armour
 27728 | Orc:2    | Found Ziolaweg's Food Shoppe.
 27750 | Orc:2    | Found Ucwanna's Armour Shoppe.
 27777 | Orc:2    | Found Vyobbevve's Distillery.
 27835 | Orc:2    | Bought a potion of heal wounds for 65 gold pieces
 27835 | Orc:2    | Bought a potion of heal wounds for 65 gold pieces
 27835 | Orc:2    | Bought a potion of heal wounds for 65 gold pieces
 27835 | Orc:2    | Bought a potion of haste for 130 gold pieces
 27835 | Orc:2    | Bought a potion of haste for 130 gold pieces
 28803 | D:13     | Reached XP level 15. HP: 126/157 MP: 17/17
 28983 | D:13     | Received a gift from Trog
 29016 | D:13     | Noticed Kirke
 29039 | D:13     | Killed Kirke
 29334 | D:13     | Noticed Maurice
 29361 | D:13     | Killed Maurice
 30450 | D:13     | Received a gift from Trog
 30678 | D:14     | Reached skill level 10 in Armour
 30701 | D:14     | Identified the Volume of Dhcmrlchtdj
 30764 | D:14     | Found a gate to the Vaults.
 30825 | D:14     | Identified the Catalogue of Plaster Cramp
 30833 | D:14     | Identified the Catalogue of Combed Thunderclap
 31424 | D:14     | Found an opulent altar of Gozag.
 31468 | D:14     | Reached skill level 5 in Throwing
 31769 | D:15     | Entered Level 15 of the Dungeon
 31915 | D:15     | Found a staircase to the Depths.
 31928 | D:15     | Received a gift from Trog
 31952 | D:15     | Reached XP level 16. HP: 69/167 MP: 18/18
 32391 | D:15     | Reached skill level 16 in Maces & Flails
 33715 | Snake:1  | Entered Level 1 of the Snake Pit
 33747 | Snake:1  | Noticed Roxanne
 33826 | Snake:1  | Killed Roxanne
 33828 | Snake:1  | Identified Roxanne's Incunabulum of Moulding (You took it off Roxanne on level 1 of the Snake Pit)
 34712 | Snake:1  | Received a gift from Trog
 35638 | Snake:2  | Noticed Aizul
 35652 | Snake:2  | Killed Aizul
 35905 | Snake:3  | Noticed a greater naga
 35938 | Snake:3  | Killed a greater naga
 35938 | Snake:3  | Reached skill level 17 in Maces & Flails
 36439 | Snake:3  | Noticed a greater naga
 36444 | Snake:3  | Killed a greater naga
 36475 | Snake:3  | Reached XP level 17. HP: 182/182 MP: 20/20
 36644 | Snake:3  | Received a gift from Trog
 36796 | Snake:3  | Reached skill level 5 in Evocations
 36818 | Snake:3  | Noticed Donald
 36826 | Snake:3  | Killed Donald
 37416 | Snake:4  | Entered Level 4 of the Snake Pit
 37758 | Snake:4  | Reached skill level 15 in Fighting
 38069 | Snake:4  | Noticed Jorgrun
 38082 | Snake:4  | Killed Jorgrun
 38258 | Snake:4  | Received a gift from Trog
 38304 | Snake:4  | Noticed Nikola
 38323 | Snake:4  | HP: 7/184 [naga warrior/mace of draining (5)]
 38324 | Snake:4  | Received a gift from Trog
 38324 | Snake:4  | Mangled by a salamander

Vault maps used:
D:1:      matt_arrival_spirals
D:2:      nicolae_overflow_hidden_temple, grunt_temple_overflow_open,
          first_bread, ecumenical_altar_1
D:3:      uniq_crazy_yiuf_cottage, uniq_robin
D:4:      wad_pebble_path, grunt_temple_overflow_diamond, serial_shops, shop,
          minivault_24, trog_butcher_becter
D:5:      good_gods_temple_1, basic_altar, st_stairs_1, tgw_kikubaaqudgha
D:7:      grunt_livestock
D:8:      uniq_erica
D:9:      erik_orc_1, amethyst_killhole, lightli_orcish_oven
D:10:     dpeg_oklobed_lair, hangedman_decor_riveting, uniq_nergalle
D:11:     serial_shops, shop_statue
D:12:     lemuel_flame_loot_1
D:13:     minmay_ice_pillars, uniq_maurice, uniq_kirke
D:14:     minmay_isolated_rectangles_in_corner, david_vaults_5,
          nicolae_gozag_seed_capital, bh_hangedman_babel_library
D:15:     gammafunk_enter_depths_forms
Lair:1:   serial_bayou, serial_bayou_crossing, serial_bayou_shore_a,
          serial_bayou_pond_d, serial_bayou_ford_a, uniq_sonja
Lair:3:   minmay_guarded_unrand_snakebite, guppyfry_snake_entry_island,
          uniq_gastronok
Lair:4:   elwin_shoals_entry_rooms, lab_entry_generic
Lair:5:   minmay_slime_entry_pillars
Lair:6:   due_jungle_book, basic_altar, portal_ice_cave_entry_pillars_1,
          uniq_rupert
Snake:1:  uniq_roxanne
Snake:2:  lemuel_fruit_tree, uniq_aizul
Snake:3:  uniq_donald
Snake:4:  grunt_snake_rune_serpentine_throne, abandoned_shop, uniq_vashnia,
          uniq_mara, uniq_nikola, uniq_jorgrun
Orc:2:    st_orc_elflike

Skill      XL: |  1  2  3  4  5  6  7  8  9 10 11 12 13 14 15 16 17 |
---------------+----------------------------------------------------+-----
Maces & Flails | 5 6 7 8 10 12 14 15 17 | 17.9
Fighting       | 5 6 7 9 10 11 12 14 15 | 15.2
Shields        | 1 6 10 12 13 | 13.0
Dodging        | 5 7 9 10 | 10.6
Throwing       | 3 4 5 8 9 |  9.3
Evocations     | 3 4 5 |  5.8
Armour         | 7 11 12 | 12.4

Action                   |  1- 3 |  4- 6 |  7- 9 | 10-12 | 13-15 | 16-18 || total
-------------------------+-------+-------+-------+-------+-------+-------++-------
Melee: Mace              |   100 |     5 |       |       |       |       ||   105
       Flail             |       |   148 |   366 |   120 |       |       ||   634
       Morningstar       |       |       |       |   782 |   342 |       ||  1124
       Demon whip        |       |       |       |       |   985 |       ||   985
       Eveningstar       |       |       |       |       |   261 |   841 ||  1102
Throw: Tomahawk          |       |       |       |    14 |     2 |       ||    16
       Javelin           |       |       |       |       |     4 |       ||     4
       Large rock        |       |       |       |       |       |     4 ||     4
Invok: Berserk           |       |     4 |    11 |    13 |    12 |     7 ||    47
       Trog's Hand       |       |     1 |     1 |     6 |     3 |     5 ||    16
       Brothers in Arms  |       |       |       |       |     2 |     3 ||     5
 Abil: Evoke Flight      |       |       |       |       |     2 |       ||     2
Evoke: Wand              |       |       |       |       |     1 |       ||     1
  Use: Scroll            |       |       |    13 |    17 |    13 |    11 ||    54
       Potion            |       |       |       |     1 |     4 |     3 ||     8
 Stab: Sleeping          |       |       |     2 |     6 |     5 |     7 ||    20
       Distracted        |       |       |       |       |     1 |     3 ||     4
  Eat: Chunk             |     1 |    13 |    23 |    43 |    43 |    17 ||   140
       Fruit             |       |     2 |       |       |       |     9 ||    11
       Beef jerky        |       |       |     2 |       |     3 |       ||     5
       Pizza             |       |       |       |     7 |     2 |       ||     9
       Meat ration       |       |       |       |       |     1 |     1 ||     2
       Royal jelly       |       |       |       |       |       |     1 ||     1
Armor: Animal skin       |    27 |    49 |    60 |    13 |       |       ||   149
       Robe              |       |       |       |    69 |    61 |       ||   130
       Shadow dragon arm |       |       |       |       |   283 |   296 ||   579
Dodge: Dodged            |    52 |    92 |   161 |   275 |   393 |   207 ||  1180
Block: Shield            |       |       |       |   417 |  1031 |   692 ||  2140
       Reflection        |       |       |       |       |    34 |    72 ||   106
